 Dungeon Crawl Stone Soup version 0.20.0-15-g7f486f2 (webtiles) character file.

25 Chiseanne the Sneak (level 2, 0/33 HPs)
             Began as a Demonspawn Wanderer on June 10, 2017.
             Slain by a leopard gecko (4 damage)
             ... on level 1 of the Dungeon.
             The game lasted 00:01:49 (781 turns).

Chiseanne the Sneak (Demonspawn Wanderer)            Turns: 781, Time: 00:01:50

Health: 0/33       AC:  5    Str: 16    XL:     2   Next: 86%
Magic:  2/2        EV:  5    Int: 16    God:
Gold:   8          SH: 13    Dex: 10    Spells: 1/1 levels left

rFire    . . .     SeeInvis .   a - +2 dagger
rCold    . . .     Gourm    .   k - +2 large shield
rNeg     . . .     Faith    .   p - +0 ring mail (curse)
rPois    .         Spirit   .   (no helmet)
rElec    .         Reflect  .   (no cloak)
rCorr    +         Harm     .   (no gloves)
MR       .....     Rnd*Tele +   (no boots)
Stlth    ..........             (no amulet)
Regen    0.2/turn               i - ring of resist corrosion
MPRegen  0.1/turn               l - ring of teleportation (curse)

@: berserking, very quick
A: hooves 1
a: no special abilities


You were on level 1 of the Dungeon.
You were not hungry.

You visited 1 branch of the dungeon, and saw 1 of its levels.

You collected 8 gold pieces.

Inventory:

Hand Weapons
 a - a +2 dagger (weapon)
 d - a +0 falchion
Missiles
 c - 8 sling bullets
 h - 10 stones (quivered)
Armour
 k - a +2 large shield (worn)
 p - a cursed +0 ring mail (worn)
Jewellery
 i - a ring of resist corrosion (left hand)
 l - a cursed ring of teleportation (right hand)
Scrolls
 e - a scroll of remove curse {unknown}
Potions
 g - a potion of invisibility
 n - a potion of curing {unknown}
Comestibles
 f - 2 bread rations
 m - a meat ration
 o - 2 chunks of flesh


   Skills:
 * Level 2.0 Fighting
 - Level 1.7 Long Blades
   Level 1.7 Axes
 - Level 1.5 Armour
 * Level 0.3 Dodging
 - Level 2.6 Stealth
 * Level 0.6 Shields
   Level 1.0 Evocations


You had one spell level left.
You didn't know any spells.

Dungeon Overview and Level Annotations

Branches:
Dungeon (1/15)

Altars:


Innate Abilities, Weirdness & Mutations

You have large cloven feet.


Message History

The leopard gecko bites you. The hobgoblin barely misses you.
The frilled lizard bites you but does no damage.
The leopard gecko barely misses you.
You miss the leopard gecko. Your kick misses the leopard gecko.
The leopard gecko is severely wounded.
You block the hobgoblin's attack. You block the leopard gecko's attack.
The frilled lizard bites you but does no damage.
You closely miss the leopard gecko.
The leopard gecko is heavily wounded.
The leopard gecko bites you.
* * * LOW HITPOINT WARNING * * *
The hobgoblin hits you but does no damage.
The frilled lizard bites you.
* * * LOW HITPOINT WARNING * * *
A red film seems to cover your vision as you go berserk!
You feel yourself moving faster!
You feel mighty!
The leopard gecko bites you but does no damage.
You block the hobgoblin's attack. You block the frilled lizard's attack.
The leopard gecko bites you.
You die...

###......,,,,,,,,..
#.......,,,,,,,,,..
##..>...,,,,,,,,,,..
#.....l***********##
#.....,* #....,,*
#..†#*** #.gl# #.l@#
####################
#................
#.###############
#.#...†....#
#.#.######.# #.#.#
#.# #.#.# ###.####
#...# #......#


You could see a leopard gecko, a hobgoblin and a frilled lizard.

Vanquished Creatures
  A dart slug (D:1)
  2 leopard geckos (D:1)
  3 giant cockroaches (D:1)
  3 goblins (D:1)
  2 hobgoblins (D:1)
  3 kobolds (D:1)
  2 bats (D:1)
  A frilled lizard (D:1)
  3 rats (D:1)
20 creatures vanquished.

Notes
Turn   | Place    | Note
-------+----------+-------------------------------------------
     0 | D:1      | Chiseanne the Demonspawn Wanderer began the quest for the Orb.
     0 | D:1      | Chiseanne set off with: a +2 dagger, a potion of berserk rage, a +0 hand axe, a +0 falchion, a +0 robe, a bread ration
     0 | D:1      | Reached XP level 1. HP: 15/15 MP: 1/1
   195 | D:1      | Gained mutation: You have large cloven feet. [demonic ancestry]
   195 | D:1      | Reached XP level 2. HP: 15/21 MP: 2/2
   781 | D:1      | Slain by a leopard gecko

Skill      XL: |  1  2 |
---------------+-------+-----
Fighting       | 2 |  2.0
Long Blades    | |  1.7
Axes           | |  1.7
Armour         | |  1.5
Dodging        | |  0.3
Stealth        | |  2.6
Shields        | |  0.6
Evocations     | |  1.0

Action                   || total
-------------------------++-------
Melee: Dagger            ||    72
       Kick              ||    12
  Use: Scroll            ||     2
       Potion            ||     1
Armor: Robe              ||    16
       Ring mail         ||    13
Dodge: Dodged            ||    25
Block: Large shield      ||    42
